%YAML 1.1
%TAG !u! tag:unity3d.com,2011:
--- !u!1 &5735063819870677837
GameObject:
  m_ObjectHideFlags: 0
  m_CorrespondingSourceObject: {fileID: 0}
  m_PrefabInstance: {fileID: 0}
  m_PrefabAsset: {fileID: 0}
  serializedVersion: 6
  m_Component:
  - component: {fileID: 5735063819870677836}
  - component: {fileID: 5735063819870677873}
  - component: {fileID: 5735063819870677874}
  - component: {fileID: 5735063819870677875}
  m_Layer: 0
  m_Name: Floor
  m_TagString: Floor
  m_Icon: {fileID: 0}
  m_NavMeshLayer: 0
  m_StaticEditorFlags: 0
  m_IsActive: 1
--- !u!4 &5735063819870677836
Transform:
  m_ObjectHideFlags: 0
  m_CorrespondingSourceObject: {fileID: 0}
  m_PrefabInstance: {fileID: 0}
  m_PrefabAsset: {fileID: 0}
  m_GameObject: {fileID: 5735063819870677837}
  m_LocalRotation: {x: -0, y: -0, z: -0, w: 1}
  m_LocalPosition: {x: 0, y: 0, z: 0}
  m_LocalScale: {x: 1, y: 1, z: 1}
  m_Children: []
  m_Father: {fileID: 5735063821464724047}
  m_RootOrder: 0
  m_LocalEulerAnglesHint: {x: 0, y: 0, z: 0}
--- !u!33 &5735063819870677873
MeshFilter:
  m_ObjectHideFlags: 0
  m_CorrespondingSourceObject: {fileID: 0}
  m_PrefabInstance: {fileID: 0}
  m_PrefabAsset: {fileID: 0}
  m_GameObject: {fileID: 5735063819870677837}
  m_Mesh: {fileID: 10209, guid: 0000000000000000e000000000000000, type: 0}
--- !u!23 &5735063819870677874
MeshRenderer:
  m_ObjectHideFlags: 0
  m_CorrespondingSourceObject: {fileID: 0}
  m_PrefabInstance: {fileID: 0}
  m_PrefabAsset: {fileID: 0}
  m_GameObject: {fileID: 5735063819870677837}
  m_Enabled: 1
  m_CastShadows: 1
  m_ReceiveShadows: 1
  m_DynamicOccludee: 1
  m_MotionVectors: 1
  m_LightProbeUsage: 1
  m_ReflectionProbeUsage: 1
  m_RenderingLayerMask: 1
  m_RendererPriority: 0
  m_Materials:
  - {fileID: 10303, guid: 0000000000000000f000000000000000, type: 0}
  m_StaticBatchInfo:
    firstSubMesh: 0
    subMeshCount: 0
  m_StaticBatchRoot: {fileID: 0}
  m_ProbeAnchor: {fileID: 0}
  m_LightProbeVolumeOverride: {fileID: 0}
  m_ScaleInLightmap: 1
  m_ReceiveGI: 1
  m_PreserveUVs: 0
  m_IgnoreNormalsForChartDetection: 0
  m_ImportantGI: 0
  m_StitchLightmapSeams: 1
  m_SelectedEditorRenderState: 3
  m_MinimumChartSize: 4
  m_AutoUVMaxDistance: 0.5
  m_AutoUVMaxAngle: 89
  m_LightmapParameters: {fileID: 0}
  m_SortingLayerID: 0
  m_SortingLayer: 0
  m_SortingOrder: 0
--- !u!64 &5735063819870677875
MeshCollider:
  m_ObjectHideFlags: 0
  m_CorrespondingSourceObject: {fileID: 0}
  m_PrefabInstance: {fileID: 0}
  m_PrefabAsset: {fileID: 0}
  m_GameObject: {fileID: 5735063819870677837}
  m_Material: {fileID: 0}
  m_IsTrigger: 0
  m_Enabled: 1
  serializedVersion: 3
  m_Convex: 0
  m_CookingOptions: 14
  m_Mesh: {fileID: 10209, guid: 0000000000000000e000000000000000, type: 0}
--- !u!1 &5735063821440114366
GameObject:
  m_ObjectHideFlags: 0
  m_CorrespondingSourceObject: {fileID: 0}
  m_PrefabInstance: {fileID: 0}
  m_PrefabAsset: {fileID: 0}
  serializedVersion: 6
  m_Component:
  - component: {fileID: 5735063821440114365}
  m_Layer: 0
  m_Name: Walls
  m_TagString: Untagged
  m_Icon: {fileID: 0}
  m_NavMeshLayer: 0
  m_StaticEditorFlags: 0
  m_IsActive: 1
--- !u!4 &5735063821440114365
Transform:
  m_ObjectHideFlags: 0
  m_CorrespondingSourceObject: {fileID: 0}
  m_PrefabInstance: {fileID: 0}
  m_PrefabAsset: {fileID: 0}
  m_GameObject: {fileID: 5735063821440114366}
  m_LocalRotation: {x: -0, y: -0, z: -0, w: 1}
  m_LocalPosition: {x: 0, y: 0, z: 0}
  m_LocalScale: {x: 1, y: 1, z: 1}
  m_Children:
  - {fileID: 2742450037977208285}
  - {fileID: 8737140554979080751}
  - {fileID: 8851406387000220612}
  - {fileID: 6882421812212163427}
  m_Father: {fileID: 5735063821464724047}
  m_RootOrder: 1
  m_LocalEulerAnglesHint: {x: 0, y: 0, z: 0}
--- !u!1 &5735063821464724040
GameObject:
  m_ObjectHideFlags: 0
  m_CorrespondingSourceObject: {fileID: 0}
  m_PrefabInstance: {fileID: 0}
  m_PrefabAsset: {fileID: 0}
  serializedVersion: 6
  m_Component:
  - component: {fileID: 5735063821464724047}
  m_Layer: 0
  m_Name: Room_NESW
  m_TagString: Untagged
  m_Icon: {fileID: 0}
  m_NavMeshLayer: 0
  m_StaticEditorFlags: 0
  m_IsActive: 1
--- !u!4 &5735063821464724047
Transform:
  m_ObjectHideFlags: 0
  m_CorrespondingSourceObject: {fileID: 0}
  m_PrefabInstance: {fileID: 0}
  m_PrefabAsset: {fileID: 0}
  m_GameObject: {fileID: 5735063821464724040}
  m_LocalRotation: {x: 0, y: 0, z: 0, w: 1}
  m_LocalPosition: {x: 0, y: 0, z: 0}
  m_LocalScale: {x: 2, y: 2, z: 2}
  m_Children:
  - {fileID: 5735063819870677836}
  - {fileID: 5735063821440114365}
  m_Father: {fileID: 0}
  m_RootOrder: 0
  m_LocalEulerAnglesHint: {x: 0, y: 0, z: 0}
--- !u!1001 &253058560718873713
PrefabInstance:
  m_ObjectHideFlags: 0
  serializedVersion: 2
  m_Modification:
    m_TransformParent: {fileID: 5735063821440114365}
    m_Modifications:
    - target: {fileID: 6629383623060178705, guid: 2740a453d720f4e1388853887636a13a,
        type: 3}
      propertyPath: m_Name
      value: Wall_Door (3)
      objectReference: {fileID: 0}
    - target: {fileID: 6629383623060178706, guid: 2740a453d720f4e1388853887636a13a,
        type: 3}
      propertyPath: m_LocalPosition.x
      value: -4
      objectReference: {fileID: 0}
    - target: {fileID: 6629383623060178706, guid: 2740a453d720f4e1388853887636a13a,
        type: 3}
      propertyPath: m_LocalPosition.y
      value: 0
      objectReference: {fileID: 0}
    - target: {fileID: 6629383623060178706, guid: 2740a453d720f4e1388853887636a13a,
        type: 3}
      propertyPath: m_LocalPosition.z
      value: 0
      objectReference: {fileID: 0}
    - target: {fileID: 6629383623060178706, guid: 2740a453d720f4e1388853887636a13a,
        type: 3}
      propertyPath: m_LocalRotation.x
      value: -0
      objectReference: {fileID: 0}
    - target: {fileID: 6629383623060178706, guid: 2740a453d720f4e1388853887636a13a,
        type: 3}
      propertyPath: m_LocalRotation.y
      value: -0.7071069
      objectReference: {fileID: 0}
    - target: {fileID: 6629383623060178706, guid: 2740a453d720f4e1388853887636a13a,
        type: 3}
      propertyPath: m_LocalRotation.z
      value: -0
      objectReference: {fileID: 0}
    - target: {fileID: 6629383623060178706, guid: 2740a453d720f4e1388853887636a13a,
        type: 3}
      propertyPath: m_LocalRotation.w
      value: -0.7071067
      objectReference: {fileID: 0}
    - target: {fileID: 6629383623060178706, guid: 2740a453d720f4e1388853887636a13a,
        type: 3}
      propertyPath: m_RootOrder
      value: 3
      objectReference: {fileID: 0}
    - target: {fileID: 6629383623060178706, guid: 2740a453d720f4e1388853887636a13a,
        type: 3}
      propertyPath: m_LocalEulerAnglesHint.x
      value: 0
      objectReference: {fileID: 0}
    - target: {fileID: 6629383623060178706, guid: 2740a453d720f4e1388853887636a13a,
        type: 3}
      propertyPath: m_LocalEulerAnglesHint.y
      value: -270
      objectReference: {fileID: 0}
    - target: {fileID: 6629383623060178706, guid: 2740a453d720f4e1388853887636a13a,
        type: 3}
      propertyPath: m_LocalEulerAnglesHint.z
      value: 0
      objectReference: {fileID: 0}
    - target: {fileID: 6629383623060178710, guid: 2740a453d720f4e1388853887636a13a,
        type: 3}
      propertyPath: m_Mesh
      value: 
      objectReference: {fileID: 0}
    - target: {fileID: 6629383623060178707, guid: 2740a453d720f4e1388853887636a13a,
        type: 3}
      propertyPath: m_Mesh
      value: 
      objectReference: {fileID: 0}
    m_RemovedComponents: []
  m_SourcePrefab: {fileID: 100100000, guid: 2740a453d720f4e1388853887636a13a, type: 3}
--- !u!4 &6882421812212163427 stripped
Transform:
  m_CorrespondingSourceObject: {fileID: 6629383623060178706, guid: 2740a453d720f4e1388853887636a13a,
    type: 3}
  m_PrefabInstance: {fileID: 253058560718873713}
  m_PrefabAsset: {fileID: 0}
--- !u!1001 &2684359013350817085
PrefabInstance:
  m_ObjectHideFlags: 0
  serializedVersion: 2
  m_Modification:
    m_TransformParent: {fileID: 5735063821440114365}
    m_Modifications:
    - target: {fileID: 6629383623060178705, guid: 2740a453d720f4e1388853887636a13a,
        type: 3}
      propertyPath: m_Name
      value: Wall_Door (1)
      objectReference: {fileID: 0}
    - target: {fileID: 6629383623060178706, guid: 2740a453d720f4e1388853887636a13a,
        type: 3}
      propertyPath: m_LocalPosition.x
      value: 0
      objectReference: {fileID: 0}
    - target: {fileID: 6629383623060178706, guid: 2740a453d720f4e1388853887636a13a,
        type: 3}
      propertyPath: m_LocalPosition.y
      value: 0
      objectReference: {fileID: 0}
    - target: {fileID: 6629383623060178706, guid: 2740a453d720f4e1388853887636a13a,
        type: 3}
      propertyPath: m_LocalPosition.z
      value: -4
      objectReference: {fileID: 0}
    - target: {fileID: 6629383623060178706, guid: 2740a453d720f4e1388853887636a13a,
        type: 3}
      propertyPath: m_LocalRotation.x
      value: -0
      objectReference: {fileID: 0}
    - target: {fileID: 6629383623060178706, guid: 2740a453d720f4e1388853887636a13a,
        type: 3}
      propertyPath: m_LocalRotation.y
      value: -0
      objectReference: {fileID: 0}
    - target: {fileID: 6629383623060178706, guid: 2740a453d720f4e1388853887636a13a,
        type: 3}
      propertyPath: m_LocalRotation.z
      value: -0
      objectReference: {fileID: 0}
    - target: {fileID: 6629383623060178706, guid: 2740a453d720f4e1388853887636a13a,
        type: 3}
      propertyPath: m_LocalRotation.w
      value: 1
      objectReference: {fileID: 0}
    - target: {fileID: 6629383623060178706, guid: 2740a453d720f4e1388853887636a13a,
        type: 3}
      propertyPath: m_RootOrder
      value: 1
      objectReference: {fileID: 0}
    - target: {fileID: 6629383623060178706, guid: 2740a453d720f4e1388853887636a13a,
        type: 3}
      propertyPath: m_LocalEulerAnglesHint.x
      value: 0
      objectReference: {fileID: 0}
    - target: {fileID: 6629383623060178706, guid: 2740a453d720f4e1388853887636a13a,
        type: 3}
      propertyPath: m_LocalEulerAnglesHint.y
      value: 0
      objectReference: {fileID: 0}
    - target: {fileID: 6629383623060178706, guid: 2740a453d720f4e1388853887636a13a,
        type: 3}
      propertyPath: m_LocalEulerAnglesHint.z
      value: 0
      objectReference: {fileID: 0}
    - target: {fileID: 6629383623060178710, guid: 2740a453d720f4e1388853887636a13a,
        type: 3}
      propertyPath: m_Mesh
      value: 
      objectReference: {fileID: 0}
    - target: {fileID: 6629383623060178707, guid: 2740a453d720f4e1388853887636a13a,
        type: 3}
      propertyPath: m_Mesh
      value: 
      objectReference: {fileID: 0}
    m_RemovedComponents: []
  m_SourcePrefab: {fileID: 100100000, guid: 2740a453d720f4e1388853887636a13a, type: 3}
--- !u!4 &8737140554979080751 stripped
Transform:
  m_CorrespondingSourceObject: {fileID: 6629383623060178706, guid: 2740a453d720f4e1388853887636a13a,
    type: 3}
  m_PrefabInstance: {fileID: 2684359013350817085}
  m_PrefabAsset: {fileID: 0}
--- !u!1001 &2798651206129343702
PrefabInstance:
  m_ObjectHideFlags: 0
  serializedVersion: 2
  m_Modification:
    m_TransformParent: {fileID: 5735063821440114365}
    m_Modifications:
    - target: {fileID: 6629383623060178705, guid: 2740a453d720f4e1388853887636a13a,
        type: 3}
      propertyPath: m_Name
      value: Wall_Door (2)
      objectReference: {fileID: 0}
    - target: {fileID: 6629383623060178706, guid: 2740a453d720f4e1388853887636a13a,
        type: 3}
      propertyPath: m_LocalPosition.x
      value: 4
      objectReference: {fileID: 0}
    - target: {fileID: 6629383623060178706, guid: 2740a453d720f4e1388853887636a13a,
        type: 3}
      propertyPath: m_LocalPosition.y
      value: 0
      objectReference: {fileID: 0}
    - target: {fileID: 6629383623060178706, guid: 2740a453d720f4e1388853887636a13a,
        type: 3}
      propertyPath: m_LocalPosition.z
      value: 0
      objectReference: {fileID: 0}
    - target: {fileID: 6629383623060178706, guid: 2740a453d720f4e1388853887636a13a,
        type: 3}
      propertyPath: m_LocalRotation.x
      value: -0
      objectReference: {fileID: 0}
    - target: {fileID: 6629383623060178706, guid: 2740a453d720f4e1388853887636a13a,
        type: 3}
      propertyPath: m_LocalRotation.y
      value: -0.70710677
      objectReference: {fileID: 0}
    - target: {fileID: 6629383623060178706, guid: 2740a453d720f4e1388853887636a13a,
        type: 3}
      propertyPath: m_LocalRotation.z
      value: -0
      objectReference: {fileID: 0}
    - target: {fileID: 6629383623060178706, guid: 2740a453d720f4e1388853887636a13a,
        type: 3}
      propertyPath: m_LocalRotation.w
      value: 0.7071068
      objectReference: {fileID: 0}
    - target: {fileID: 6629383623060178706, guid: 2740a453d720f4e1388853887636a13a,
        type: 3}
      propertyPath: m_RootOrder
      value: 2
      objectReference: {fileID: 0}
    - target: {fileID: 6629383623060178706, guid: 2740a453d720f4e1388853887636a13a,
        type: 3}
      propertyPath: m_LocalEulerAnglesHint.x
      value: 0
      objectReference: {fileID: 0}
    - target: {fileID: 6629383623060178706, guid: 2740a453d720f4e1388853887636a13a,
        type: 3}
      propertyPath: m_LocalEulerAnglesHint.y
      value: -90.00001
      objectReference: {fileID: 0}
    - target: {fileID: 6629383623060178706, guid: 2740a453d720f4e1388853887636a13a,
        type: 3}
      propertyPath: m_LocalEulerAnglesHint.z
      value: 0
      objectReference: {fileID: 0}
    - target: {fileID: 6629383623060178710, guid: 2740a453d720f4e1388853887636a13a,
        type: 3}
      propertyPath: m_Mesh
      value: 
      objectReference: {fileID: 0}
    - target: {fileID: 6629383623060178707, guid: 2740a453d720f4e1388853887636a13a,
        type: 3}
      propertyPath: m_Mesh
      value: 
      objectReference: {fileID: 0}
    m_RemovedComponents: []
  m_SourcePrefab: {fileID: 100100000, guid: 2740a453d720f4e1388853887636a13a, type: 3}
--- !u!4 &8851406387000220612 stripped
Transform:
  m_CorrespondingSourceObject: {fileID: 6629383623060178706, guid: 2740a453d720f4e1388853887636a13a,
    type: 3}
  m_PrefabInstance: {fileID: 2798651206129343702}
  m_PrefabAsset: {fileID: 0}
--- !u!1001 &8795370095387349711
PrefabInstance:
  m_ObjectHideFlags: 0
  serializedVersion: 2
  m_Modification:
    m_TransformParent: {fileID: 5735063821440114365}
    m_Modifications:
    - target: {fileID: 6629383623060178705, guid: 2740a453d720f4e1388853887636a13a,
        type: 3}
      propertyPath: m_Name
      value: Wall_Door
      objectReference: {fileID: 0}
    - target: {fileID: 6629383623060178706, guid: 2740a453d720f4e1388853887636a13a,
        type: 3}
      propertyPath: m_LocalPosition.x
      value: 0
      objectReference: {fileID: 0}
    - target: {fileID: 6629383623060178706, guid: 2740a453d720f4e1388853887636a13a,
        type: 3}
      propertyPath: m_LocalPosition.y
      value: 0
      objectReference: {fileID: 0}
    - target: {fileID: 6629383623060178706, guid: 2740a453d720f4e1388853887636a13a,
        type: 3}
      propertyPath: m_LocalPosition.z
      value: 4
      objectReference: {fileID: 0}
    - target: {fileID: 6629383623060178706, guid: 2740a453d720f4e1388853887636a13a,
        type: 3}
      propertyPath: m_LocalRotation.x
      value: -0
      objectReference: {fileID: 0}
    - target: {fileID: 6629383623060178706, guid: 2740a453d720f4e1388853887636a13a,
        type: 3}
      propertyPath: m_LocalRotation.y
      value: -1
      objectReference: {fileID: 0}
    - target: {fileID: 6629383623060178706, guid: 2740a453d720f4e1388853887636a13a,
        type: 3}
      propertyPath: m_LocalRotation.z
      value: -0
      objectReference: {fileID: 0}
    - target: {fileID: 6629383623060178706, guid: 2740a453d720f4e1388853887636a13a,
        type: 3}
      propertyPath: m_LocalRotation.w
      value: 0.00000058114523
      objectReference: {fileID: 0}
    - target: {fileID: 6629383623060178706, guid: 2740a453d720f4e1388853887636a13a,
        type: 3}
      propertyPath: m_RootOrder
      value: 0
      objectReference: {fileID: 0}
    - target: {fileID: 6629383623060178706, guid: 2740a453d720f4e1388853887636a13a,
        type: 3}
      propertyPath: m_LocalEulerAnglesHint.x
      value: 0
      objectReference: {fileID: 0}
    - target: {fileID: 6629383623060178706, guid: 2740a453d720f4e1388853887636a13a,
        type: 3}
      propertyPath: m_LocalEulerAnglesHint.y
      value: -180.00002
      objectReference: {fileID: 0}
    - target: {fileID: 6629383623060178706, guid: 2740a453d720f4e1388853887636a13a,
        type: 3}
      propertyPath: m_LocalEulerAnglesHint.z
      value: 0
      objectReference: {fileID: 0}
    - target: {fileID: 6629383623060178710, guid: 2740a453d720f4e1388853887636a13a,
        type: 3}
      propertyPath: m_Mesh
      value: 
      objectReference: {fileID: 0}
    - target: {fileID: 6629383623060178707, guid: 2740a453d720f4e1388853887636a13a,
        type: 3}
      propertyPath: m_Mesh
      value: 
      objectReference: {fileID: 0}
    m_RemovedComponents: []
  m_SourcePrefab: {fileID: 100100000, guid: 2740a453d720f4e1388853887636a13a, type: 3}
--- !u!4 &2742450037977208285 stripped
Transform:
  m_CorrespondingSourceObject: {fileID: 6629383623060178706, guid: 2740a453d720f4e1388853887636a13a,
    type: 3}
  m_PrefabInstance: {fileID: 8795370095387349711}
  m_PrefabAsset: {fileID: 0}
